 Dungeon Crawl Stone Soup version 0.29-a0-330-g52719c12eb (webtiles) character file.

Game seed: 2769975072686896684

54 kae the Slasher (level 3, -1/21 (22) HPs)
             Began as a Tengu Gladiator on Apr 23, 2022.
             Slain by a goblin
             ... wielding a +1 dagger of draining
             ... led by Robin
              (2 damage)
             ... on level 2 of the Dungeon.
             The game lasted 00:00:38 (1592 turns).

kae the Slasher (Tengu Gladiator)                   Turns: 1592, Time: 00:00:39

HP:   -1/21 (22)    AC:  3    Str: 16    XL:     3   Next: 91%
MP:   4/4           EV: 12    Int:  8    God:
Gold: 41            SH:  0    Dex: 15    Spells: 2/2 levels left

rFire   . . .      SeeInvis .   a - +0 long sword
rCold   . . .      Faith    .   (no shield)
rNeg    . . .      Spirit   .   b - +0 leather armour
rPois   .          Reflect  .   c - +0 hat
rElec   .          Harm     .   (no cloak)
rCorr   .          Rampage  .   (no gloves)
Will    .....                   (boots unavailable)
Stlth   +.........              (no amulet)
HPRegen 0.07/turn               (no ring)
MPRegen 0.09/turn               (no ring)

@: lightly drained
A: beak, talons 3
a: no special abilities


You were on level 2 of the Dungeon.
You visited 1 branch of the dungeon, and saw 2 of its levels.

You collected 41 gold pieces.

Inventory:

Hand Weapons
 a - a +0 long sword (weapon)
Missiles
 d - 3 throwing nets (quivered)
 e - a javelin
Armour
 b - a +0 leather armour (worn)
 c - a +0 hat (worn)
Jewellery
 m - a +6 ring of dexterity
Scrolls
 g - a scroll of fear {unknown}
 h - a scroll of amnesia {unknown}
 i - a scroll of summoning {unknown}
 j - a scroll of identify {unknown}
 k - 2 scrolls of vulnerability {unknown}
 l - 3 scrolls of holy word {unknown}
Potions
 f - 4 potions of curing {unknown}


   Skills:
 + Level 2.8 Fighting
 * Level 4.6 Long Blades
 - Level 2.0 Throwing
 - Level 3.2 Dodging


You had 2 spell levels left.
You didn't know any spells.
Your spell library was empty.

Dungeon Overview and Level Annotations

Branches:
Dungeon (2/15)

Altars:


Innate Abilities, Weirdness & Mutations

You have a beak for a mouth.
You have claws for feet.


Message History

The goblin unwields a +0 club.
The goblin wields a +0 hunting sling.
The goblin shoots a sling bullet.
The sling bullet hits you but does no damage.
The goblin unwields a +0 hunting sling.
The goblin wields a +0 club.
The goblin hits you but does no damage.
Items here: ))) [[ ††.
You closely miss the goblin.
The goblin no longer looks unusually strong.
The goblin hits you with a +0 club.
You are too injured to fight recklessly!
You hit the goblin.
You kill the goblin!
The goblin no longer looks unusually strong.
You are too injured to fight recklessly!
You are too injured to fight recklessly!
You closely miss the goblin. Your kick misses the goblin.
The goblin hits you with a +0 dagger.
You are too injured to fight recklessly!
You are too injured to fight recklessly!
You slash the goblin!
You kill the goblin!
You are too injured to fight recklessly!
You are too injured to fight recklessly!
You hit the goblin but do no damage. You claw the goblin, but do no damage.
Your peck misses the goblin.
The goblin no longer looks unusually strong.
The goblin closely misses you.
The goblin hits you with a +2 dagger of electrocution.
* * * LOW HITPOINT WARNING * * *
You slash the goblin!
You kill the goblin!
You are too injured to fight recklessly!
You are too injured to fight recklessly!
You hit the goblin. You peck the goblin.
You kill the goblin!
You barely miss the goblin. Your kick misses the goblin.
The goblin hits you with a +1 dagger of draining.
* * * LOW HITPOINT WARNING * * *
You feel drained.
You die...

#.#.#.######..##.
#.#.#.# #..... #.#.#[#
##.### #...#.# ##'##
#..##.# ##..[## #.....#
##.....# ##..###
##.......
.########...####........
......g@.......+........
.########...####........
#...# ##....... ###.#
##.....# .# ##...## ^#
##+## .# #.# #.## ##..##


You could see a goblin.

Vanquished Creatures
  Robin (D:2)
  An adder (D:2)
  A ball python (D:1)
  4 endoplasms
  A giant cockroach (D:1)
  9 goblins
  3 hobgoblins
  2 jackals (D:1)
  3 bats
  A frilled lizard (D:1)
  2 kobolds
  3 rats (D:1)
31 creatures vanquished.

Notes
Turn   | Place    | Note
-------+----------+-------------------------------------------
     0 | D:1      | kae the Tengu Gladiator began the quest for the Orb.
     0 | D:1      | Reached XP level 1. HP: 12/12 MP: 2/2
    70 | D:1      | Reached XP level 2. HP: 17/17 MP: 3/3
   819 | D:1      | Reached skill level 4 in Long Blades
   859 | D:1      | Found a faded altar of an unknown god.
  1299 | D:2      | Reached XP level 3. HP: 15/22 MP: 4/4
  1571 | D:2      | Noticed Robin
  1582 | D:2      | Killed Robin
  1592 | D:2      | HP: 1/22 [goblin/+1 dagger of draining[Robin] (4)]
  1592 | D:2      | Slain by a goblin

Illustrated notes

Levels and vault maps discovered:
D:1:      dpeg_arrival_lava_temple_mockup, layout_loops_ring,
          ebering_ecumenical_altar_mist, nrook_campfire
D:2:      layout_loops_corners, uniq_robin

Skill      XL: |  1  2 |
---------------+-------+-----
Long Blades    | 4 |  4.6
Fighting       | |  2.8
Throwing       | |  2.0
Dodging        | |  3.2

Action                   || total
-------------------------++-------
Melee: Long sword        ||    65
       Kick              ||    10
       Peck              ||     5
 Stab: Sleeping          ||     2
Armor: Leather armour    ||    10
Dodge: Dodged            ||    27

Table legend: (Time is in decaauts)
 A = Elapsed time spent in this place.
 B = Non-inter-level travel time spent in this place.
 C = Inter-level travel time spent in this place.
 D = Time resting spent in this place.
 E = Time spent auto-exploring this place.
 F = Levels seen in this place.
 G = Mean time per level.
                   A        B        C        D        E       F      G
               +--------+--------+--------+--------+--------+-----+--------+
         Total |   1604 |   1561 |     43 |    280 |   1112 |   2 |  802.0 |
       Dungeon |   1604 |   1561 |     43 |    280 |   1112 |   2 |  802.0 |
               +--------+--------+--------+--------+--------+-----+--------+

Top non-repeatable levels by time:
     D:1: 1055 daAuts
     D:2: 549 daAuts
